Map: Lightshade LE

Players

Calm

  • Race: Terran Terran
  • League: Grandmaster
  • Spawn Location: 5:00

Maplez - Winner!

  • Race: Protoss Protoss
  • League: Master
  • Spawn Location: 11:00

VOD

Have the link to the VOD?

Description

Time

  • Played on: Dec. 27, 2020, 1:32 a.m.
  • Length: 5:37
Show
View Real Time Build Order
Export as new Build Order

Calm Terran 

Build Orders:  

Get SALT Encoding   

  12  0:00  SCV  
  13  0:12  SCV  
  14  0:16  Supply Depot  
  14  0:24  SCV  
  15  0:38  SCV  
  15  0:40  Barracks  
  16  0:43  Refinery  
  16  0:50  SCV  
  17  1:02  SCV  
  18  1:14  SCV  
  19  1:30  Marine, Orbital Command  
  20  1:41  Command Center  
  20  1:49  Barracks Reactor  
  20  1:56  SCV  
  21  2:02  Supply Depot  
  21  2:08  SCV  
  22  2:10  Factory  
  22  2:20  SCV  
  22  2:22  Bunker  
  23  2:25  Marine  
  23  2:26  Marine  
  23  2:43  Marine x2  
  23  2:55  Factory Tech Lab  
  22  3:01  Marine x2  
  22  3:17  Cyclone  
  22  3:19  Marine  
  25  3:26  Starport  
  25  3:28  SCV  
  25  3:31  Marine  
  27  3:37  Marine  
  27  3:40  SCV  
  29  3:49  Marine  
  29  3:52  SCV  
  29  3:55  Widow Mine, Marine  
  34  4:03  Orbital Command  
  34  4:04  SCV  
  34  4:07  Barracks  
  35  4:16  SCV  
  35  4:17  Widow Mine  
  38  4:18  Starport Tech Lab  
  38  4:23  Refinery  
  38  4:28  SCV  
  38  4:32  SCV  
  38  4:41  Medivac, SCV  
  38  4:42  Widow Mine  
  38  4:44  SCV  
  44  4:46  Supply Depot  
  44  4:51  Marine x2  
  46  4:55  Barracks Tech Lab  
  46  4:58  Barracks  
  46  5:02  Supply Depot  
  46  5:07  SCV x2  
  48  5:15  Marine  
  48  5:18  Marine  
  48  5:20  SCV x2  
Show
View Real Time Build Order
Export as new Build Order

Maplez Protoss - Winner!

Build Orders: Blink Stalkers 

Get SALT Encoding   

  12  0:00  Probe  
  13  0:12  Probe  
  14  0:21  Pylon  
  14  0:24  Probe  
  15  0:39  Probe (Chrono Boost), Gateway  
  16  0:44  Assimilator  
  16  0:49  Probe (Chrono Boost)  
  17  0:54  Probe (Chrono Boost)  
  18  1:05  Probe  
  19  1:17  Probe  
  20  1:26  Cybernetics Core  
  20  1:28  Zealot  
  22  1:36  Probe  
  22  1:38  Pylon  
  23  1:53  Nexus  
  23  1:58  Probe  
  23  2:00  Adept (Chrono Boost)  
  24  2:07  Assimilator  
  26  2:09  Warp Gate  
  26  2:12  Probe  
  27  2:23  Twilight Council  
  27  2:31  Probe (Chrono Boost)  
  28  2:43  Probe (Chrono Boost)  
  29  2:50  Probe (Chrono Boost)  
  28  3:00  Probe (Chrono Boost)  
  28  3:03  Stalker  
  28  3:05  Probe (Chrono Boost)  
  32  3:10  Blink (Chrono Boost)  
  33  3:14  Probe x2 (Chrono Boost)  
  33  3:19  Probe (Chrono Boost)  
  34  3:22  Probe  
  34  3:25  Robotics Facility  
  36  3:31  Probe  
  36  3:34  Probe  
  38  3:43  Probe  
  38  3:46  Probe  
  40  3:49  Gateway  
  40  3:50  Gateway  
  40  3:53  Shield Battery, Gateway  
  40  3:59  Stalker  
  40  4:00  Probe  
  41  4:08  Pylon  
  41  4:12  Observer  
  41  4:14  Probe  
  41  4:15  Pylon  
  43  4:18  Probe  
  43  4:19  Pylon  
  44  4:25  Stalker  
  46  4:31  Probe  
  46  4:33  Observer  
  48  4:38  Probe  
  48  4:42  Assimilator  
  48  4:44  Stalker  
  48  4:45  Stalker  
  53  4:49  Stalker x2  
  53  4:52  Probe  
  58  4:59  Pylon  
  58  5:01  Observer  
  58  5:02  Probe, Nexus  
  58  5:04  Probe  
  60  5:09  Forge  
  60  5:14  Probe  
  61  5:16  Probe, Assimilator  
Tags
 
Add a new tag
Caveats
  • Supply blocks, unpowered buildings, or Contaminate may cause inaccurate times.
  • Supply counts are checked every 10 seconds.